 Dungeon Crawl Stone Soup version 0.26-a0-712-ga5a9c9c9d0 (webtiles) character file.

Game seed: 4978890623383912548

19 kae the Ruffian (level 2, -1/25 HPs)
             Began as a Naga Transmuter on Nov 2, 2020.
             Slain by a worm (6 damage)
             ... on level 1 of the Dungeon.
             The game lasted 00:00:34 (1275 turns).

kae the Ruffian (Naga Transmuter)                   Turns: 1275, Time: 00:00:34

Health: -1/25      AC:  1    Str: 12    XL:     2   Next: 75%
Magic:  4/5        EV: 10    Int: 13    God:
Gold:   14         SH:  0    Dex: 11    Spells: 4/5 levels left

rFire    . . .     SeeInvis +     - Unarmed
rCold    . . .     Faith    .   (no shield)
rNeg     . . .     Spirit   .   a - +0 robe
rPois    +         Reflect  .   (no helmet)
rElec    .         Harm     .   (no cloak)
rCorr    .         Rampage  .   (no gloves)
MR       .....                  (no barding)
Stlth    +.........             (no amulet)
HPRegen  0.08/turn              (no ring)
MPRegen  0.09/turn              (no ring)

@: very slow
A: large, see invisible, deformed body, poison resistance, slowness 2, spit
poison 1, AC +0
a: Spit Poison


You were on level 1 of the Dungeon.
You visited 1 branch of the dungeon, and saw 2 of its levels.

You collected 14 gold pieces.

Inventory:

Armour
 a - a +0 robe (worn)
Jewellery
 i - a +4 ring of protection {unknown}
Scrolls
 b - a scroll of magic mapping {unknown}
 c - a scroll of teleportation {unknown}
 e - 2 scrolls of identify {unknown}
 g - a scroll of noise {unknown}
 h - a scroll of blinking {unknown}
Potions
 d - a potion of haste {unknown}
 f - a potion of invisibility {unknown}
 j - a potion of berserk rage {unknown}
 k - a potion of resistance {unknown}


   Skills:
 - Level 1.0 Fighting
 - Level 1.5 Dodging
 + Level 3.3 Unarmed Combat
 - Level 2.0 Spellcasting
 * Level 2.9 Transmutations


You had 4 spell levels left.
You knew the following spells:

 Your Spells              Type           Power        Failure   Level
a - Beastly Appendage     Tmut           #.....       8%          1

Your spell library contained the following spells:

 Spells                   Type           Power        Failure   Level
 Wereblood                Tmut           #.......     12%         2
 Spider Form              Tmut/Pois      #.........   38%         3
 Ice Form                 Ice/Tmut       #.......     80%         4
 Blade Hands              Tmut           #.........   91%         5


Dungeon Overview and Level Annotations

Branches:
Dungeon (2/15)

Altars:


Innate Abilities, Weirdness & Mutations

You cannot wear boots.
Your serpentine skin is tough. (AC +0)
You have supernaturally acute eyesight. (SInv)
Armour fits poorly on your strangely shaped body.
Your system is resistant to poisons. (rPois)
You cover ground very slowly.
You can spit poison.


Message History

You hit the worm but do no damage.
The worm is severely wounded.
You have got your breath back.
The worm barely misses you.
You barely miss the worm.
The worm is severely wounded.
The worm looks more healthy.
The worm completely misses you.
You hit the worm.
The worm is severely wounded.
You hit the worm but do no damage.
The worm is severely wounded.
The worm barely misses you.
Your magical contamination has completely faded away.
Press: ? - help, Shift-Dir - straight line, f/p - worm
Aim: a worm (severely wounded)
You fail to use your ability.
You hit the worm.
The worm is severely wounded.
The worm bites you.
You die...

..# #..# #.............# ..# #.##
#..#.#####..#.# .## #.# #..#.#
###..#.# #### #.#
##..#.###....#.### ##.###.#
#................# #.#.##.#
#.........##.###.##### .....#.#
##..#.##..##.# #.....## ...#...#
#..#w##..##.####.##..# .#.#.#.#
#.(..@...##...........
#....#.#####..#........###.#.###.
##.#.#........####.###)# #.#.# #.
#.#..........>.##.###.###.#.###.
#.#######....†.)..........#.....
#......##.......####..#########.
######.##.......# ##.....#.....
#.##.......# #.###.#.###.
#.##.#####.# #.# #.#.# #†


You could see a worm.

Vanquished Creatures
  A dart slug (D:1)
  5 goblins (D:1)
  A hobgoblin (D:1)
  5 bats
  3 kobolds (D:1)
  2 rats (D:1)
17 creatures vanquished.

Notes
Turn   | Place    | Note
-------+----------+-------------------------------------------
     0 | D:1      | kae the Naga Transmuter began the quest for the Orb.
     0 | D:1      | Reached XP level 1. HP: 18/18 MP: 3/3
   540 | D:1      | Reached XP level 2. HP: 21/25 MP: 5/5
  1275 | D:1      | Slain by a worm

Illustrated notes

Levels and vault maps discovered:
D:1:      minmay_arrival_stone_box, layout_loops_ring, minmay_misc_feat_cross,
          serial_bayou_pond_d
D:2:      minmay_roachtagon, layout_rooms

Action                   || total
-------------------------++-------
Melee: Unarmed           ||    42
       Headbutt          ||     5
 Cast: Beastly Appendage ||    13
 Abil: Spit Poison       ||     7
Armor: Robe              ||    10
Dodge: Dodged            ||    27

Table legend: (Time is in decaauts)
 A = Elapsed time spent in this place.
 B = Non-inter-level travel time spent in this place.
 C = Inter-level travel time spent in this place.
 D = Time resting spent in this place.
 E = Time spent auto-exploring this place.
 F = Levels seen in this place.
 G = Mean time per level.
                   A        B        C        D        E       F      G
               +--------+--------+--------+--------+--------+-----+--------+
         Total |   1512 |   1469 |     43 |     24 |   1308 |   2 |  756.0 |
       Dungeon |   1512 |   1469 |     43 |     24 |   1308 |   2 |  756.0 |
               +--------+--------+--------+--------+--------+-----+--------+

Top non-repeatable levels by time:
     D:1: 1504 daAuts
     D:2: 8 daAuts
